 Dungeon Sprint DCSS version 0.31-a0-37-g98a128e1d9 (webtiles) character file.

Game seed: 6616140385242384730

70 sircluck the Ruffian (level 4, -1/73 HPs)
             Began as a Troll Berserker on May 15, 2023.
             Was a Believer of Trog.
             Slain by a lindwurm (14 damage)
             ... in the Dungeon (Sprint VII: "The Pits").
             The game lasted 00:01:07 (130 turns).

sircluck the Ruffian (Troll Berserker)               Turns: 130, Time: 00:01:08

Health: -1/73      AC:  4    Str: 27    XL:     4   Next: 4%
Magic:  3/3        EV: 10    Int:  3    God:    Trog [**....]
Gold:   0          SH:  0    Dex:  9    Spells: 3/3 levels left

rFire   . .          .
                       - Unarmed
rCold   . . .        (no shield)
rNeg    . . .        a - +0 animal skin
rPois   .            (helmet restricted)
rElec   .            (no cloak)
rCorr   .            (gloves unavailable)
SInv    .            (boots unavailable)
Will    ++...        (no amulet) Stlth
                     (no ring)
HPRegen 2.12/turn    (no ring)
MPRegen 0.08/turn

%: no teleportation
@: berserking (expiring), strong-willed, regenerating, very quick
A: large, unfitting armour, claws 3, regeneration 1, shaggy fur 1, tough skin 1
a: Renounce Religion, Berserk, Trog's Hand


You were in the Dungeon.
You worshipped Trog.
Trog was pleased with you.
You visited 1 branch

Inventory:

Missiles
 j - 10 stones (quivered)
Armour
 a - a +0 animal skin (worn)
Scrolls
 g - a scroll of blinking
 i - a scroll of butterflies
Potions
 b - a potion of curing
 c - a potion of heal wounds
 d - a potion of haste
 e - 4 potions of magic
 f - 3 potions of berserk rage
 h - 2 potions of invisibility


   Skills:
 + Level 4.5 Fighting
 + Level 4.4 Dodging
 + Level 5.4 Unarmed Combat


You had 3 spell levels left.
You didn't know any spells.
Your spell library was empty.

Dungeon Overview and Level Annotations

Branches:
Dungeon (1/1)

Altars:
Ashenzari
Cheibriados
Dithmenos
Elyvilon
Fedhas
Gozag
Hepliaklqana
Kikubaaqudgha
Makhleb
Nemelex Xobeh
Okawaru
Qazlal
Ru
Sif Muna
Trog
Uskayaw
Vehumet
Wu Jian
Xom
Yredelemnul
Zin
The Shining One
Jiyva
Lugonu


Innate Abilities, Weirdness & Mutations

You are too large for most types of armour.
You have claws for hands.
Your natural rate of healing is unusually fast.
You are covered in fur. (AC +1)
You have tough skin. (AC +1)


Message History

The gnoll hits you but does no damage.
There is a huge open gate to the Metal Vault (Medium), spattered with blood here.
You barely miss the gnoll sergeant.
The gnoll sergeant is heavily wounded.
The lindwurm bites you.
The lindwurm claws you but does no damage.
The lindwurm claws you. The gnoll completely misses you.
The gnoll hits you from afar with a +0 spear.
The gnoll sergeant hits you with a +0 spear.
The gnoll hits you with a +0 spear.
You scratch the gnoll sergeant.
The gnoll sergeant is severely wounded.
The gnoll sergeant closely misses you. The gnoll hits you with a +0 spear.
The lindwurm breathes flames at you. The blast of flame misses you.
The gnoll hits you from afar with a +0 spear.
* * * LOW HITPOINT WARNING * * *
The gnoll hits you with a +0 club.
* * * LOW HITPOINT WARNING * * *
You claw the gnoll sergeant!
You kill the gnoll sergeant!
Trog accepts your kill.
Your Fighting skill increases to level 4!
Your Dodging skill increases to level 4!
Your Unarmed Combat skill increases to level 5!
You have reached level 3!
Your experience leads to an increase in your attributes!
Increase (S)trength, (I)ntelligence, or (D)exterity?
You feel stronger. x3
You have reached level 4!
Unknown command.
Unknown command.
Unknown command.
You claw the lindwurm! You claw the lindwurm!!
The lindwurm is heavily wounded.
The gnoll misses you.
The gnoll hits you from afar with a +0 spear.
* * * LOW HITPOINT WARNING * * *
The gnoll closely misses you. The lindwurm bites you!
You die...

__...###########++######
####'##................#
)))'.##......#..#......#
####.##................+
......'................+
#†#####......#..#......#
..# #................#
..# ####'#####)'######
### #.......##@k#
#.......##ggg...+
#.......##.g....+
#...<...##.....##
#.......##...###
#.......##..##
#.......##++# #########


You could see a lindwurm and 4 gnolls.

Vanquished Creatures
  A gnoll sergeant (D)
  An adder (D)
  A hobgoblin (D)
  A ball python (D)
4 creatures vanquished.

Notes
Turn   | Place    | Note
-------+----------+-------------------------------------------
     0 | D        | sircluck the Troll Berserker began the quest for the Orb.
     0 | D        | Reached XP level 1. HP: 22/22 MP: 0/0
    51 | D        | Found a bloodstained altar of Trog.
    51 | D        | Found a shimmering blue altar of Sif Muna.
    51 | D        | Found a viscous altar of Jiyva.
    51 | D        | Found a hazy altar of Hepliaklqana.
    51 | D        | Found an opulent altar of Gozag.
    52 | D        | Found a glowing golden altar of the Shining One.
    52 | D        | Found a glowing silver altar of Zin.
    52 | D        | Found a basalt altar of Yredelemnul.
    52 | D        | Found a shimmering altar of Xom.
    52 | D        | Found an ornate altar of the Wu Jian Council.
    52 | D        | Found a sacrificial altar of Ru.
    52 | D        | Found a stormy altar of Qazlal.
    52 | D        | Found an iron altar of Okawaru.
    52 | D        | Found a sparkling altar of Nemelex Xobeh.
    52 | D        | Found a burning altar of Makhleb.
    52 | D        | Found a blossoming altar of Fedhas.
    52 | D        | Found a white marble altar of Elyvilon.
    52 | D        | Found a shadowy altar of Dithmenos.
    52 | D        | Found a snail-covered altar of Cheibriados.
    56 | D        | Found a corrupted altar of Lugonu.
    56 | D        | Found a radiant altar of Vehumet.
    57 | D        | Found a broken altar of Ashenzari.
    57 | D        | Found an ancient bone altar of Kikubaaqudgha.
    57 | D        | Found a hide-covered altar of Uskayaw.
    92 | D        | Reached XP level 2. HP: 30/31 MP: 1/1
    92 | D        | Reached ** piety under Trog
    93 | D        | Reached skill level 4 in Unarmed Combat
   117 | D        | Noticed a gnoll sergeant
   117 | D        | Noticed a lindwurm
   129 | D        | Killed a gnoll sergeant
   130 | D        | Reached skill level 5 in Unarmed Combat
   130 | D        | Reached XP level 3. HP: 11/40 MP: 2/2
   130 | D        | Reached XP level 4. HP: 13/49 MP: 3/3
   130 | D        | Slain by a lindwurm

Illustrated notes

Levels and vault maps discovered:
D:        pitsprint [storerooms_1, entrance_room_1, metal_vault_4, armoury_3,
          mini_pit_1, grid_room_1, main_hall_1, silver_pit, the_coven_1,
          the_vestibule_1, steel_vault_1, golden_pit, hallway_of_sentries,
          crystal_vault_1, iron_vault_1, final_vault]

Skill      XL: |  1  2 |
---------------+-------+-----
Fighting       | 3 4 |  4.5
Dodging        | 3 4 |  4.4
Unarmed Combat | 5 |  5.4

Action                     |  1- 3 |  4- 6 || total
---------------------------+-------+-------++-------
  Melee: Unarmed           |    13 |     1 ||    14
         Punch             |       |     1 ||     1
 Invoke: Berserk           |     1 |       ||     1
         Trog's Hand       |     1 |       ||     1
 Armour: Animal skin       |     6 |       ||     6
  Dodge: Dodged            |     4 |     2 ||     6

Table legend: (Time is in decaauts)
 A = Elapsed time spent in this place.
 B = Non-inter-level travel time spent in this place.
 C = Inter-level travel time spent in this place.
 D = Time resting spent in this place.
 E = Time spent auto-exploring this place.
 F = Levels seen in this place.
 G = Mean time per level.
                   A        B        C        D        E       F      G
               +--------+--------+--------+--------+--------+-----+--------+
         Total |    125 |     87 |     38 |      0 |      0 |   1 |  125.0 |
       Dungeon |    125 |     87 |     38 |      0 |      0 |   1 |  125.0 |
               +--------+--------+--------+--------+--------+-----+--------+

Top non-repeatable levels by time:
       D: 125 daAuts
